 Dungeon Crawl Stone Soup version 0.27-a0-661-gca034ae587 (webtiles) character file.

Game seed: 8517197541339130356

14 Jerej03 the Magician (level 2, -1/15 HPs)
             Began as a Deep Elf Hedge Wizard on Mar 17, 2021.
             Slain by an adder (3 damage)
             ... on level 2 of the Dungeon.
             The game lasted 00:02:37 (911 turns).

Jerej03 the Magician (Deep Elf Hedge Wizard)         Turns: 911, Time: 00:02:37

Health: -1/15      AC:  2    Str:  7    XL:     2   Next: 31%
Magic:  10/10      EV: 12    Int: 18    God:
Gold:   44         SH:  0    Dex: 14    Spells: 8/11 levels left

rFire    . . .     SeeInvis .   f - +5 mace
rCold    . . .     Faith    .   (no shield)
rNeg     . . .     Spirit   .   b - +0 robe
rPois    .         Reflect  .   c - +0 hat
rElec    .         Harm     .   (no cloak)
rCorr    .         Rampage  .   (no gloves)
Will     .....                  (no boots)
Stlth    ++........             (no amulet)
HPRegen  0.05/turn              (no ring)
MPRegen  0.12/turn              (no ring)

@: lethally poisoned (-1 -> -8)
A: no striking features
a: no special abilities


You were on level 2 of the Dungeon.
You visited 1 branch of the dungeon, and saw 2 of its levels.

You collected 44 gold pieces.

Inventory:

Hand Weapons
 a - a +0 dagger
 f - a +5 mace (weapon)
Armour
 b - a +0 robe (worn)
 c - a +0 hat (worn)
Scrolls
 e - a scroll of amnesia {unknown}
 g - a scroll of blinking {unknown}
 i - a scroll of identify {unknown}
Potions
 d - a potion of magic
 h - a potion of ambrosia {unknown}


   Skills:
 + Level 2.6 Dodging
 + Level 2.7 Stealth
 + Level 5.0 Spellcasting
 + Level 1.1 Conjurations
 + Level 1.2 Summonings
 + Level 1.1 Translocations


You had 8 spell levels left.
You knew the following spells:

 Your Spells              Type           Power      Damage    Failure   Level
a - Magic Dart            Conj           32%        1d4       9%          1
b - Blink                 Tloc           N/A        N/A       13%         2

Your spell library contained the following spells:

 Spells                   Type           Power      Damage    Failure   Level
 Call Imp                 Summ           8%         N/A       12%         2
 Slow                     Hex            4%         N/A       21%         2
 Conjure Flame            Conj/Fire      6%         6-21      32%         3
 Mephitic Cloud           Conj/Pois/Air  5%         N/A       34%         3


Dungeon Overview and Level Annotations

Branches:
Dungeon (2/15)

Altars:


Message History

The magic dart hits the jackal.
You kill the jackal!
The jackal closely misses you.
The magic dart hits the jackal.
The jackal is heavily wounded.
The jackal bites you.
You are too depleted to draw on your mana recklessly!
You barely miss the jackal.
The jackal is heavily wounded.
The jackal bites you. The jackal misses you.
You closely miss the jackal.
The jackal is heavily wounded.
The jackal closely misses you. x2
You barely miss the jackal.
The jackal is heavily wounded.
The jackal barely misses you. The jackal bites you.
You closely miss the jackal.
The jackal is heavily wounded.
The jackal closely misses you. The jackal bites you.
You hit the jackal.
You kill the jackal!
An adder is nearby!
The magic dart hits the adder.
The adder is moderately wounded.
The adder hisses angrily.
The adder misses you.
The magic dart hits the adder.
The adder is heavily wounded.
The adder misses you.
The magic dart hits the adder.
The adder is severely wounded.
The adder bites you.
* * * LOW HITPOINT WARNING * * *
You are lethally poisoned!
The adder poisons you!
You are too injured to fight recklessly!
It was a potion of magic.
Magic courses through your body.
* * * LOW HITPOINT WARNING * * *
You feel sick. The adder bites you.
You die...

..# ≈≈≈≈...... #.#
##≈≈≈≈.#... #.#
#≈≈≈≈≈.##†# #.#
#≈≈≈≈≈.##.# #(#
#≈≈≈≈.....# #.#
#≈≈≈≈.....# #.#
#≈≈≈≈#.##.#
####.###≈≈≈≈#.##S#
#.†.....≈≈≈≈≈.##@#
#.##.###≈≈≈≈≈..#.#
#..#.###.≈≈≈≈.##.##
#......#.≈≈≈≈≈#...####
.........≈≈≈≈≈.......+
#......###≈≈≈≈≈...####
##.†#### #≈≈≈≈≈#.##
##.# ##≈≈≈≈≈## #.#
#≈≈≈≈≈#


You could see an adder.

Vanquished Creatures
  A leopard gecko (D:1)
  A goblin (D:1)
  3 jackals (D:2)
  3 kobolds (D:1)
  2 bats
  3 rats
13 creatures vanquished.

Vanquished Creatures (others)
  3 plants (D:2)
3 creatures vanquished.

Grand Total: 16 creatures vanquished

Notes
Turn   | Place    | Note
-------+----------+-------------------------------------------
     0 | D:1      | Jerej03 the Deep Elf Hedge Wizard began the quest for the
                  | Orb.
     0 | D:1      | Reached XP level 1. HP: 10/10 MP: 7/7
   435 | D:1      | Reached skill level 5 in Spellcasting
   435 | D:1      | Reached XP level 2. HP: 15/15 MP: 7/10
   754 | D:1      | Learned a level 2 spell: Blink
   911 | D:2      | Slain by an adder

Illustrated notes

Levels and vault maps discovered:
D:1:      minmay_arrival_three_doors, layout_rooms, serial_aquarium,
          aquarium_bridge_straight [aquarium_subvault_bridge,
          aquarium_subvault_window, aquarium_subvault_bridge,
          aquarium_subvault_wall], aquarium_window_2, aquarium_window_fake,
          aquarium_window_2, aquarium_window_fake, aquarium_view_2e,
          aquarium_view_2d, serial_park_tiny_1, chequers_jeans
D:2:      wander_river, layout_loops_corners, lemuel_round_altar, corexii_shack

Skill      XL: |  1 |
---------------+----+-----
Spellcasting   | 5 |  5.0
Dodging        | |  2.6
Stealth        | |  2.7
Conjurations   | |  1.1
Summonings     | |  1.2
Translocations | |  1.1

Action                   || total
-------------------------++-------
Melee: Mace              ||     5
 Cast: Magic Dart        ||    36
  Use: Potion            ||     1
Armor: Robe              ||     3
Dodge: Dodged            ||    17

Table legend: (Time is in decaauts)
 A = Elapsed time spent in this place.
 B = Non-inter-level travel time spent in this place.
 C = Inter-level travel time spent in this place.
 D = Time resting spent in this place.
 E = Time spent auto-exploring this place.
 F = Levels seen in this place.
 G = Mean time per level.
                   A        B        C        D        E       F      G
               +--------+--------+--------+--------+--------+-----+--------+
         Total |    922 |    903 |     19 |      0 |    753 |   2 |  461.0 |
       Dungeon |    922 |    903 |     19 |      0 |    753 |   2 |  461.0 |
               +--------+--------+--------+--------+--------+-----+--------+

Top non-repeatable levels by time:
     D:1: 778 daAuts
     D:2: 144 daAuts
